 Dungeon Crawl Stone Soup version 0.24-a0-269-g32ec7ca (webtiles) character file.

Game seed: 6272145955699803991

108 stupendous the Shield-Bearer (level 5, -2/42 HPs)
             Began as a Formicid Fighter on Apr 21, 2019.
             Slain by Grinder (5 damage)
             ... on level 3 of the Dungeon.
             The game lasted 00:02:25 (1480 turns).

stupendous the Shield-Bearer (Formicid Fighter)     Turns: 1480, Time: 00:02:26

Health: -2/42      AC:  7    Str: 21    XL:     5   Next: 12%
Magic:  5/5        EV:  8    Int:  7    God:
Gold:   89         SH:  9    Dex: 11    Spells: 4/4 levels left

rFire    . . .     SeeInvis +   a - +0 long sword
rCold    . . .     Gourm    .   c - +0 shield
rNeg     . . .     Faith    .   b - +0 scale mail
rPois    .         Spirit   .   (helmet unavailable)
rElec    .         Reflect  .   (no cloak)
rCorr    .         Harm     .   (no gloves)
MR       .....                  (no boots)
Stlth    ..........             (no amulet)
HPRegen  0.14/turn              (no ring)
MPRegen  0.09/turn              (no ring)

@: no status effects
A: permanent stasis, dig shafts and tunnels, four strong arms, antennae 3
a: Dig, Shaft Self


You were on level 3 of the Dungeon.
You were not hungry.

You visited 1 branch of the dungeon, and saw 3 of its levels.

You collected 89 gold pieces.

Inventory:

Hand Weapons
 a - a +0 long sword (weapon)
Armour
 b - a +0 scale mail (worn)
 c - a +0 shield (worn)
Scrolls
 e - a scroll of noise {unknown}
 g - a scroll of enchant armour {unknown}
 h - 4 scrolls of remove curse {unknown}
 i - 2 scrolls of immolation {unknown}
 j - 2 scrolls of teleportation {unknown}
 m - a scroll of enchant weapon {unknown}
Potions
 d - 2 potions of might
 k - 2 potions of degeneration {unknown}
 l - 2 potions of curing {unknown}
 n - a potion of agility {unknown}
Comestibles
 f - 3 rations
 o - a chunk of flesh


   Skills:
 - Level 4.1 Fighting
 + Level 3.0 Long Blades
 - Level 4.0 Armour
 + Level 4.5 Shields


You had 4 spell levels left.
You didn't know any spells.
Your spell library was empty.

Dungeon Overview and Level Annotations

Branches:
Dungeon (3/15)

Altars:
Makhleb
Sif Muna
Vehumet
Yredelemnul

Annotations:
D:3 Grinder


Innate Abilities, Weirdness & Mutations

You cannot be hasted, slowed, berserked, paralysed or teleported.
You can dig through walls and to a lower floor.
Your four strong arms can wield two-handed weapons with a shield.
You have a pair of large antennae on your head. (SInv)


Message History

Grinder blinks!
The goblin barely misses you.
You riposte.
You hit the goblin.
The goblin is severely wounded.
You slash the goblin!
You kill the goblin!
Things that are here:
a +0 dagger; a goblin corpse; a rat corpse You hear a zap.
Some rock shatters into small pieces.
Things that are here:
a +0 dagger; a goblin corpse; a rat corpse Grinder blinks!
Grinder hits you!
* * * LOW HITPOINT WARNING * * *
You hit Grinder.
Grinder is heavily wounded.
Grinder hits you!
* * * LOW HITPOINT WARNING * * *
You writhe in agony.
You die...

.# #....## .##.#
##.....## ....#
##.......##
##...####.........#
##.......+.........'
.....# #.........#
##...# #.......## ##..?#
##.....## ##..#@#
##...## ##..)#5# ##'##
#......# #.#
#..##.#.##########.#####
#..#
#.#.#..............# #.#
#.#.#.####)#....##.# ##
#.#.#.# #<#.....#.#
##.#..# #.#....##.#
#.###.####.#.#......


You could see Grinder.

Vanquished Creatures
  Jessica (D:2)
  2 adders (D:2)
  3 oozes
  A worm (D:2)
  2 dart slugs
  An orc (D:3)
  3 giant cockroaches
  3 hobgoblins
  5 bats
  2 frilled lizards
  9 goblins
  7 kobolds
  9 rats
48 creatures vanquished.

Notes
Turn   | Place    | Note
-------+----------+-------------------------------------------
     0 | D:1      | stupendous the Formicid Fighter began the quest for the
                  | Orb.
     0 | D:1      | Reached XP level 1. HP: 18/18 MP: 1/1
    42 | D:1      | Reached XP level 2. HP: 22/24 MP: 2/2
    50 | D:1      | You fall through a shaft!
    86 | D:2      | Reached XP level 3. HP: 24/29 MP: 3/3
    92 | D:2      | Found a burning altar of Makhleb.
   170 | D:2      | Noticed Jessica
   659 | D:1      | Reached XP level 4. HP: 30/37 MP: 4/4
   755 | D:2      | Found a radiant altar of Vehumet.
   759 | D:2      | Found a basalt altar of Yredelemnul.
   843 | D:2      | Found a deep blue altar of Sif Muna.
  1323 | D:2      | Killed Jessica
  1323 | D:2      | Reached XP level 5. HP: 37/42 MP: 5/5
  1455 | D:3      | Noticed Grinder
  1480 | D:3      | Slain by Grinder

Levels and vault maps discovered:
D:1:      erik_arrival_gehennom, layout_rooms
D:2:      minmay_chambers_of_twos, layout_basic, lemuel_coloured_pillars_altar,
          old_standard_altar, grunt_temple_overflow_open, first_ration,
          uniq_jessica
D:3:      wad_crossroads, layout_loops_corners, nicolae_overflow_hidden_temple,
          grunt_dithmenos_smoke, overflow_temple_1_default,
          hangedman_abyss_or_decor_stabs, uniq_crazy_yiuf_cottage, uniq_ijyb,
          uniq_terence, uniq_grinder

Skill      XL: |  1  2  3  4  5 |
---------------+----------------+-----
Shields        | 4 |  4.5
Armour         | 4 |  4.0
Fighting       | 4 |  4.1
Long Blades    | 3 |  3.0

Action                   |  1- 3 |  4- 6 || total
-------------------------+-------+-------++-------
Melee: Long sword        |    97 |    55 ||   152
 Abil: Dig               |       |     1 ||     1
  Eat: Chunk             |       |     2 ||     2
Armor: Scale mail        |    31 |    20 ||    51
Dodge: Dodged            |    17 |    11 ||    28
Block: Shield            |    56 |    30 ||    86
       Rpst.: Long sword |     7 |     6 ||    13

Table legend:
 A = Non-vault XP
 B = Vault XP
 C = Vault XP percentage of total XP
 D = Non-vault monster count
 E = Vault monster count
 F = Vault count percentage of total count
                 A         B        C        D         E       F
            +---------+---------+-------+---------+---------+-------
      Total |      90 |      65 |  41.9 |      34 |      14 |  29.2
            +---------+---------+-------+---------+---------+-------
        D:1 |      25 |      17 |  40.5 |      15 |       5 |  25.0
        D:2 |      58 |      48 |  45.3 |      15 |       9 |  37.5
        D:3 |       7 |       0 |   0.0 |       4 |       0 |   0.0
            +---------+---------+-------+---------+---------+-------
